 Dungeon Crawl Stone Soup version 0.30-a0-528-g8c47a4955b (webtiles) character file.

Game seed: 8297098838842113375

46247 gruber the Thaumaturge (level 14, -6/108 HPs)
             Began as a Gnoll Ice Elementalist on Dec 23, 2022.
             Was an Initiate of Gozag.
             Mangled by a catoblepas (29 damage)
             ... on level 5 of the Lair of Beasts.
             The game lasted 00:27:31 (20415 turns).

gruber the Thaumaturge (Gnoll Ice Elementalist)    Turns: 20415, Time: 00:27:32

Health: -6/108     AC:  9    Str:  8    XL:     14   Next: 36%
Magic:  0/28       EV: 16    Int: 26    God:    Gozag
Gold:   3300       SH:  0    Dex: 12    Spells: 27/34 levels left

rFire   + . .      SeeInvis .    P - +6 flail of the Keeping King {spect, Drain rN++}
rCold   . . .      Faith    .    (no shield)
rNeg    + + .      Spirit   +    a - +0 robe
rPois   .          Reflect  .    e - +0 helmet
rElec   .          Harm     .    R - +0 cloak
rCorr   .          Rampage  .    o - +1 pair of gloves
Will    +....                    E - +0 pair of boots
Stlth   ++++                     D - amulet of guardian spirit
HPRegen 0.38/turn                M - +6 ring of intelligence
MPRegen 0.21/turn                x - ring of protection from fire

@: gold aura, freezing walls
A: fangs 1, strong nose, distributed training
a: Renounce Religion, Potion Petition, Call Merchant, Bribe Branch


You were on level 5 of the Lair of Beasts.
You worshipped Gozag.
Gozag was most pleased with you.
You visited 3 branches of the dungeon, and saw 18 of its levels.

You collected 4195 gold pieces.
You paid 895 gold pieces to Gozag.

Inventory:

Hand Weapons
 p - a +1 spectral demon whip
 P - the +6 flail of the Keeping King (weapon) {spect, Drain rN++}
   (You found it on level 4 of the Lair of Beasts)

   When its wielder attacks, the weapon's spirit leaps out and strikes again.
   The spirit shares a part of any damage it takes with its wielder.
   rN:        It greatly protects you from negative energy.
   Drain:     It drains your maximum health when unequipped.
 Q - a +2 shortbow of freezing
Missiles
 F - 3 throwing nets
Armour
 a - a +0 robe (worn)
 e - a +0 helmet (worn)
 o - a +1 pair of gloves (worn)
 E - a +0 pair of boots (worn)
 R - a +0 cloak (worn)
Jewellery
 v - a ring of see invisible
 x - a ring of protection from fire (right hand)
 A - a ring of willpower
 D - an amulet of guardian spirit (around neck)
 H - a ring of willpower
 M - a +6 ring of intelligence (left hand)
 V - an amulet of the acrobat
 W - a ring of positive energy
Wands
 C - a wand of digging (4)
 G - a wand of roots (38)
 L - a wand of paralysis (8)
 O - a wand of light (15)
Scrolls
 c - 10 scrolls of identify
 d - 3 scrolls of poison
 i - a scroll of amnesia {unknown}
 k - 7 scrolls of enchant armour
 l - 2 scrolls of summoning {unknown}
 s - 5 scrolls of teleportation
 w - 3 scrolls of enchant weapon {unknown}
 y - 3 scrolls of magic mapping
 z - 2 scrolls of brand weapon
 B - 2 scrolls of fear {unknown}
 K - 2 scrolls of blinking {unknown}
 N - a scroll of vulnerability {unknown}
 T - a scroll of silence {unknown}
 U - a scroll of immolation {unknown}
Potions
 b - 2 potions of magic
 f - a potion of flight
 g - 4 potions of resistance
 h - a potion of might
 j - 4 potions of haste
 m - 7 potions of curing
 n - 3 potions of ambrosia {unknown}
 q - a potion of mutation {unknown}
 r - 3 potions of heal wounds {unknown}
 t - 3 potions of berserk rage {unknown}
 u - 2 potions of lignification {unknown}
 I - 4 potions of attraction {unknown}
 J - 3 potions of invisibility {unknown}
 S - 2 potions of degeneration {unknown}


   Skills:
 + Level 9.5 Fighting
 + Level 9.5 Short Blades
 + Level 9.5 Long Blades
 + Level 9.5 Axes
 + Level 9.5 Maces & Flails
 + Level 9.5 Polearms
 + Level 9.5 Staves
 + Level 9.5 Ranged Weapons
 + Level 9.5 Throwing
 + Level 9.5 Armour
 + Level 10.5 Dodging
 + Level 10.4 Stealth
 + Level 9.5 Shields
 + Level 9.5 Unarmed Combat
 + Level 10.7 Spellcasting
 + Level 7.9 Conjurations
 + Level 7.9 Hexes
 + Level 7.9 Summonings
 + Level 7.9 Necromancy
 + Level 7.9 Translocations
 + Level 7.9 Transmutations
 + Level 7.9 Fire Magic
 + Level 10.7 Ice Magic
 + Level 7.9 Air Magic
 + Level 7.9 Earth Magic
 + Level 7.9 Poison Magic
 + Level 10.3 Invocations
 + Level 9.5 Evocations


You had 27 spell levels left.
You knew the following spells:

 Your Spells              Type           Power      Damage    Failure   Level
a - Freeze                Ice            100%       1d10      1%          1
b - Frozen Ramparts       Ice            100%       1d16      1%          3
c - Ozocubu's Armour      Ice            62%        N/A       1%          3

Your spell library contained the following spells:

 Spells                   Type           Power      Damage    Failure   Level
 Apportation              Tloc           100%       N/A       1%          1
 Necrotise                Necr           100%       1d9       1%          1
 Summon Small Mammal      Summ           100%       N/A       1%          1
 Tukima's Dance           Hex            53%        N/A       1%          3
 Passage of Golubria      Tloc           53%        N/A       1%          4
 Summon Ice Beast         Ice/Summ       58%        N/A       1%          4
 Yara's Violent Unravell  Hex/Tmut       26%        3d11      4%          5
 Ozocubu's Refrigeration  Ice            31%        4d14      41%         7


Dungeon Overview and Level Annotations

Branches:
Dungeon (12/15)            Temple (1/1) D:6            Lair (5/5) D:11
  Swamp (0/4) Lair:3       Spider (0/4) Lair:3        Slime (0/5) Lair:5
    Orc (0/2) D:9

Altars:
Ashenzari
Cheibriados
Dithmenos
Elyvilon
Fedhas
Gozag
Hepliaklqana
Kikubaaqudgha
Makhleb
Nemelex Xobeh
Okawaru
Qazlal
Ru
Sif Muna
Trog
Uskayaw
Vehumet
Wu Jian
Xom
Yredelemnul
Zin
The Shining One
Jiyva

Shops:
D:8 =

Annotations:
D:4 1 runed translucent door, Anon1729's ghost, novice MiMo
D:6 2 transporters, heinrich's ghost, novice OpCj
Lair:3 3 runed translucent doors, DEFE's ghost, journeyman DsWn


Innate Abilities, Weirdness & Mutations

You have very sharp teeth.
Your uncanny sense of smell can sniff out nearby items.
Your experience applies equally to all skills.


Message History

You turn to flesh and can move again.
Unknown command.
Unknown command.
Unknown command.
Unknown command.
Casting: Frozen Ramparts (safe; 1% risk of failure)
Confirm with . or Enter, or press ? or * to list all spells.
Casting: Frozen Ramparts (safe; 1% risk of failure)
Press: ? - help, Dir - look around, f - activate The walls around you are covered in ice.
Unknown command.
Unknown command.
Casting: Frozen Ramparts (safe; 1% risk of failure)
Confirm with . or Enter, or press ? or * to list all spells.
You don't have enough magic to cast this spell.
Unknown command.
Unknown command.
Unknown command.
Your frozen ramparts will break if you move.
Continue? [Y]es or [N]o only, please.
Your frozen ramparts will break if you move.
Continue?
Okay, then.
You hit the catoblepas but do no damage.
You punch the catoblepas, but do no damage.
The catoblepas is lightly wounded.
Your +6 flail of the Keeping King {spect, Drain rN++} barely misses the catoblepas.
The wall freezes the hell rat.
The hell rat barely misses you.
The wall freezes the catoblepas.
The catoblepas gores you.
* * * LOW HITPOINT WARNING * * *
Unknown command.
Unknown command.
You thump the catoblepas!
You punch the catoblepas, but do no damage.
The catoblepas is moderately wounded.
Your +6 flail of the Keeping King {spect, Drain rN++} hits the catoblepas.
The wall freezes the hell rat but does no damage.
The hell rat bites you but does no damage.
The wall freezes the catoblepas!
The catoblepas gores you!!
You die...
Your body crumbles into a pile of gold.

...P.##.....#......P...~~
.........................
_.#P#...#............#...
>.###..##................
...P##.######............
...P#### #....ยง.......
..### ##...Y#$..P... .##
#....#r$...P.. #.#
#....@Y.....!. .##
###....(....... ##
#.............. $ .# ###
##P.?........## ##
#.####..........#.#
.#######..###....#...## #
...#.##..#.#.........#
......................#
...........#.........##


You could see a catoblepas, a hell rat and a friendly +6 flail of the Keeping
King {spect, Drain rN++} (summoned).

Vanquished Creatures
  3 hydras
  15 death yaks
  A boulder beetle (D:11)
  A two-headed ogre (D:12)
  2 bog bodies (Lair:3)
  A manticore (D:12)
  12 elephants
  2 black mambas
  Maurice (D:12)
  A rime drake (Lair:3)
  6 cane toads
  2 unseen horrors
  A kobold demonologist (D:11)
  12 komodo dragons
  4 burning bushes (Lair:1)
  4 trolls
  21 blink frogs
  A hornet (D:8)
  A dream sheep (Lair:4)
  3 wyverns
  52 yaks
  2 wraiths
  A steam dragon (D:7)
  3 swamp worms (Lair:3)
  Menkaure (D:6)
  3 wargs (D:11)
  An acid dragon (D:11)
  Edmund (D:4)
  9 water moccasins
  3 orc warriors
  A black bear (D:6)
  2 sky beasts
  An ogre (D:5)
  14 wolves
  13 centaurs
  2 phantoms
  3 kobold brigands
  11 bullfrogs
  2 necrophages
  A gnoll sergeant (D:12)
  4 scorpions
  3 wights (D:9)
  13 killer bees
  5 electric eels
  3 howler monkeys (D:8)
  3 hounds
  4 orc priests
  A jelly (D:4)
  4 iguanas
  7 orc wizards
  5 hell rats (Lair:4)
  14 gnolls
  9 adders
  4 river rats (Lair:4)
  2 shadow imps (D:7)
  An ufetubus (D:4)
  3 worms
  5 dart slugs
  28 orcs
  8 endoplasms
  A giant cockroach (D:2)
  10 goblins
  5 hobgoblins
  4 quokkas
  5 ball pythons
  6 bats
  3 frilled lizards (D:1)
  13 kobolds
  8 rats
  A spectral orc (D:8)
402 creatures vanquished.

Vanquished Creatures (others)
  3 bushes
  24 fungi
  59 plants
86 creatures vanquished.

Grand Total: 488 creatures vanquished

Notes
Turn   | Place    | Note
-------+----------+-------------------------------------------
     0 | D:1      | gruber the Gnoll Ice Elementalist began the quest for the
                  | Orb.
     0 | D:1      | Reached XP level 1. HP: 13/13 MP: 6/6
   261 | D:1      | Reached XP level 2. HP: 19/19 MP: 5/7
   771 | D:1      | Reached skill level 5 in Spellcasting
   771 | D:1      | Reached XP level 3. HP: 25/25 MP: 7/9
  1265 | D:2      | Reached skill level 1 in Invocations
  1421 | D:2      | Learned a level 3 spell: Frozen Ramparts
  1517 | D:2      | Reached skill level 1 in Fighting
  1517 | D:2      | Reached skill level 1 in Short Blades
  1517 | D:2      | Reached skill level 1 in Long Blades
  1517 | D:2      | Reached skill level 1 in Axes
  1517 | D:2      | Reached skill level 1 in Maces & Flails
  1517 | D:2      | Reached skill level 1 in Polearms
  1517 | D:2      | Reached skill level 1 in Staves
  1517 | D:2      | Reached skill level 1 in Ranged Weapons
  1517 | D:2      | Reached skill level 1 in Throwing
  1517 | D:2      | Reached skill level 1 in Armour
  1517 | D:2      | Reached skill level 1 in Shields
  1517 | D:2      | Reached skill level 1 in Unarmed Combat
  1517 | D:2      | Reached skill level 1 in Evocations
  1906 | D:3      | Reached XP level 4. HP: 32/32 MP: 7/11
  2411 | D:3      | Reached skill level 1 in Conjurations
  2411 | D:3      | Reached skill level 1 in Hexes
  2411 | D:3      | Reached skill level 1 in Summonings
  2411 | D:3      | Reached skill level 1 in Necromancy
  2411 | D:3      | Reached skill level 1 in Translocations
  2411 | D:3      | Reached skill level 1 in Transmutations
  2411 | D:3      | Reached skill level 1 in Fire Magic
  2411 | D:3      | Reached skill level 1 in Air Magic
  2411 | D:3      | Reached skill level 1 in Earth Magic
  2411 | D:3      | Reached skill level 1 in Poison Magic
  2913 | D:4      | Noticed Edmund
  2920 | D:4      | Reached XP level 5. HP: 22/37 MP: 8/12
  2923 | D:4      | Killed Edmund
  2924 | D:4      | Reached XP level 6. HP: 18/44 MP: 5/14
  3136 | D:4      | Reached skill level 5 in Dodging
  3211 | D:4      | Found a runed translucent door.
  3213 | D:4      | Noticed Anon1729's ghost (novice MiMo)
  3927 | D:5      | Entered Level 5 of the Dungeon
  3935 | D:5      | Reached XP level 7. HP: 24/51 MP: 9/15
  4217 | D:5      | Reached skill level 5 in Stealth
  4724 | D:6      | Noticed Menkaure
  4736 | D:5      | Reached XP level 8. HP: 55/58 MP: 10/16
  4868 | D:6      | Found an opulent altar of Gozag.
  5030 | D:6      | Noticed heinrich's ghost (novice OpCj)
  5066 | D:6      | Found a transporter.
  5084 | D:6      | Found a staircase to the Ecumenical Temple.
  5091 | Temple   | Entered the Ecumenical Temple
  5124 | D:6      | Found a transporter.
  5146 | D:6      | Killed Menkaure
  5168 | D:6      | Became a worshipper of Gozag Ym Sagoz the Greedy
  6079 | D:7      | Reached XP level 9. HP: 61/65 MP: 13/18
  6669 | D:7      | Found an ancient bone altar of Kikubaaqudgha.
  6774 | D:7      | Found an iron altar of Okawaru.
  6973 | D:8      | Reached skill level 5 in Invocations
  7042 | D:8      | Killed an unseen horror
  7403 | D:8      | Noticed a hornet
  7407 | D:8      | Killed a hornet
  7408 | D:8      | Reached skill level 5 in Fighting
  7408 | D:8      | Reached skill level 5 in Short Blades
  7408 | D:8      | Reached skill level 5 in Long Blades
  7408 | D:8      | Reached skill level 5 in Axes
  7408 | D:8      | Reached skill level 5 in Maces & Flails
  7408 | D:8      | Reached skill level 5 in Polearms
  7408 | D:8      | Reached skill level 5 in Staves
  7408 | D:8      | Reached skill level 5 in Ranged Weapons
  7408 | D:8      | Reached skill level 5 in Throwing
  7408 | D:8      | Reached skill level 5 in Armour
  7408 | D:8      | Reached skill level 5 in Shields
  7408 | D:8      | Reached skill level 5 in Unarmed Combat
  7408 | D:8      | Reached skill level 5 in Evocations
  7408 | D:8      | Reached XP level 10. HP: 58/74 MP: 12/20
  7587 | D:8      | Found Zabac's Jewellery Shop.
  7728 | D:8      | Found a hide-covered altar of Uskayaw.
  7844 | D:8      | Found a basalt altar of Yredelemnul.
  7906 | D:8      | Found a shadowy altar of Dithmenos.
  7906 | D:8      | Found a radiant altar of Vehumet.
  7914 | D:8      | Found a faded altar of an unknown god.
  7916 | D:8      | Found a faded altar of an unknown god.
  7918 | D:8      | Found a blossoming altar of Fedhas.
  8243 | D:9      | Found an ornate altar of the Wu Jian Council.
  8243 | D:9      | Found a glowing silver altar of Zin.
  8609 | D:9      | Found a staircase to the Orcish Mines.
  8747 | D:9      | Learned a level 3 spell: Ozocubu's Armour
  9229 | D:9      | You fall into a shaft and drop 1 floor!
  9229 | D:10     | Entered Level 10 of the Dungeon
  9507 | D:10     | Found a stormy altar of Qazlal.
  9578 | D:10     | Reached skill level 5 in Conjurations
  9578 | D:10     | Reached skill level 5 in Hexes
  9578 | D:10     | Reached skill level 5 in Summonings
  9578 | D:10     | Reached skill level 5 in Necromancy
  9578 | D:10     | Reached skill level 5 in Translocations
  9578 | D:10     | Reached skill level 5 in Transmutations
  9578 | D:10     | Reached skill level 5 in Fire Magic
  9578 | D:10     | Reached skill level 5 in Air Magic
  9578 | D:10     | Reached skill level 5 in Earth Magic
  9578 | D:10     | Reached skill level 5 in Poison Magic
  9578 | D:10     | Reached XP level 11. HP: 81/81 MP: 19/22
 10681 | D:11     | Noticed a boulder beetle
 10694 | D:11     | Killed a boulder beetle
 10780 | D:11     | Found a staircase to the Lair.
 11257 | D:12     | Noticed Maurice
 11279 | D:12     | Killed Maurice
 11301 | D:12     | Noticed a two-headed ogre
 11318 | D:12     | Killed a two-headed ogre
 11580 | D:12     | Noticed a manticore
 12215 | D:12     | Reached XP level 12. HP: 66/91 MP: 18/24
 12880 | Lair:1   | Entered Level 1 of the Lair of Beasts
 14549 | Lair:2   | Noticed a four-headed hydra
 14557 | Lair:2   | Killed a four-headed hydra
 14953 | Lair:2   | Noticed a death yak
 14974 | Lair:2   | Noticed a death yak
 14976 | Lair:2   | Noticed a death yak
 14978 | Lair:2   | Noticed a death yak
 14979 | Lair:2   | Noticed a death yak
 14981 | Lair:2   | Killed a death yak
 14991 | Lair:2   | Killed a death yak
 14996 | Lair:2   | Killed a death yak
 15012 | Lair:2   | Killed a death yak
 15013 | Lair:2   | Reached XP level 13. HP: 73/98 MP: 9/26
 15191 | Lair:1   | Reached skill level 10 in Ice Magic
 15924 | Lair:2   | You fall into a shaft and drop 1 floor!
 16652 | Lair:3   | Reached skill level 10 in Spellcasting
 17134 | Lair:3   | Found a runed translucent gate.
 17134 | Lair:3   | Found a runed translucent gate.
 17135 | Lair:3   | Found a runed translucent gate.
 17135 | Lair:3   | Noticed DEFE's ghost (journeyman DsWn)
 17287 | Lair:3   | Found a hole to the Spider Nest.
 17824 | Lair:3   | Reached skill level 10 in Dodging
 18456 | Lair:3   | Found a staircase to the Swamp.
 18625 | Lair:4   | Reached skill level 10 in Stealth
 18899 | Lair:4   | Reached XP level 14. HP: 84/108 MP: 15/28
 18902 | Lair:4   | Reached skill level 10 in Invocations
 19254 | Lair:4   | Identified the +6 flail of the Keeping King {spect, Drain
                  | rN++}
 19996 | Lair:5   | Entered Level 5 of the Lair of Beasts
 19998 | Lair:5   | Found a viscous altar of Jiyva.
 19999 | Lair:5   | Found a staircase to the Slime Pits.
 20415 | Lair:5   | Mangled by a catoblepas

Illustrated notes

Levels and vault maps discovered:
D:1:      saegor_arrival_under_anarchy, layout_basic, minivault_25,
          skrybe_limestone_x, minmay_tetromino_i4
D:2:      layout_loops_ring, st_stairs_3, wad_orctagon
D:3:      layout_basic
D:4:      layout_gridville, ebering_ghost_reflecting_pool, chequers_jeans,
          uniq_edmund
D:5:      layout_layer_cave
D:6:      layout_layer_cave, mainiacjoe_overflow_brackets,
          minmay_temple_entry_overgrown, nicolae_ossuary_entry_ruins,
          gammafunk_ghost_stat_death, corner_web_ring, uniq_menkaure
D:7:      layout_gridville, nicolae_overflow_crystal_walls,
          okawaru_ov_weapons_minmay
D:8:      nicolae_cairo_tiling_large_dashed, layout_rooms,
          nicolae_uskayaw_dance_studio, chequers_temple_overflow_minitemple,
          yredelemnul_forgotten_temple_becter, serial_shops, shop,
          kennysheep_nondescript, minmay_misc_feat_x
D:9:      layout_gridville, gammafunk_temple_overflow_elements, orc_0_dummy
D:10:     layout_basic, kennysheep_mini_moat
D:11:     layout_rooms, erik_lair_orcish_takeover
D:12:     layout_basic, serial_rivers, chequers_serial_rivers_micro_b,
          chequers_serial_rivers_micro_c, chequers_serial_rivers_small_a,
          chequers_serial_rivers_large_b, chequers_serial_rivers_small_3,
          chequers_serial_rivers_micro_c, uniq_maurice
Temple:   minmay_freezing_vapour_temple
Lair:1:   layout_concentric_octagons, evilmike_ambush
          [evilmike_ambush_outer_corners, evilmike_ambush_inner_wall_1]
Lair:2:   layout_loops_ring, nicolae_lair_grazing_beasts
          [nicolae_sub_lair_graze_edge, nicolae_sub_lair_graze_edge,
          nicolae_sub_lair_graze_edge, nicolae_sub_lair_graze_edge]
Lair:3:   layout_long_grid, nicolae_swamp_entry_splash_gauntlet,
          spider_nest_entry_web_field, gammafunk_ghost_hydra_chop,
          lemuel_fruit_tree, grunt_megastairs_3
Lair:4:   layout_loops_ring, kennysheep_abandoned_house
Lair:5:   due_jungle_book, layout_gridlike, slime_entry_1

Skill      XL: |  1  2  3  4  5  6  7  8  9 10 11 12 13 14 |
---------------+-------------------------------------------+-----
Spellcasting   | 5 6 7 8 9 10 | 10.7
Invocations    | 1 2 3 4 5 6 7 8 9 10 | 10.3
Fighting       | 1 2 3 4 5 6 7 8 9 |  9.5
Short Blades   | 1 2 3 4 5 6 7 8 9 |  9.5
Long Blades    | 1 2 3 4 5 6 7 8 9 |  9.5
Axes           | 1 2 3 4 5 6 7 8 9 |  9.5
Maces & Flails | 1 2 3 4 5 6 7 8 9 |  9.5
Polearms       | 1 2 3 4 5 6 7 8 9 |  9.5
Staves         | 1 2 3 4 5 6 7 8 9 |  9.5
Ranged Weapons | 1 2 3 4 5 6 7 8 9 |  9.5
Throwing       | 1 2 3 4 5 6 7 8 9 |  9.5
Armour         | 1 2 3 4 5 6 7 8 9 |  9.5
Shields        | 1 2 3 4 5 6 7 8 9 |  9.5
Unarmed Combat | 1 2 3 4 5 6 7 8 9 |  9.5
Evocations     | 1 2 3 4 5 6 7 8 9 |  9.5
Conjurations   | 1 2 3 4 5 6 7 |  7.9
Hexes          | 1 2 3 4 5 6 7 |  7.9
Summonings     | 1 2 3 4 5 6 7 |  7.9
Necromancy     | 1 2 3 4 5 6 7 |  7.9
Translocations | 1 2 3 4 5 6 7 |  7.9
Transmutations | 1 2 3 4 5 6 7 |  7.9
Fire Magic     | 1 2 3 4 5 6 7 |  7.9
Air Magic      | 1 2 3 4 5 6 7 |  7.9
Earth Magic    | 1 2 3 4 5 6 7 |  7.9
Poison Magic   | 1 2 3 4 5 6 7 |  7.9
Dodging        | 5 6 7 8 9 10 | 10.5
Stealth        | 5 6 7 8 9 10 | 10.4
Ice Magic      | 8 9 10 | 10.7

Action                   |  1- 3 |  4- 6 |  7- 9 | 10-12 | 13-15 || total
-------------------------+-------+-------+-------+-------+-------++-------
Melee: Unarmed           |     2 |       |       |       |       ||     2
       Bite              |     1 |       |       |     2 |    45 ||    48
       Demon whip        |       |       |       |    12 |   242 ||   254
       Punch             |       |       |       |       |    26 ||    26
       Flail             |       |       |       |       |    46 ||    46
 Fire: Arbalest          |    58 |    72 |   156 |   145 |       ||   431
       Shortbow          |       |       |       |   410 |   172 ||   582
 Cast: Freeze            |    23 |     8 |    20 |    18 |     6 ||    75
       Frozen Ramparts   |     4 |     9 |    21 |    59 |    42 ||   135
       Ozocubu's Armour  |       |       |       |    30 |    24 ||    54
Invok: Potion Petition   |       |       |       |     1 |     1 ||     2
Evoke: Wand              |       |       |     2 |     5 |    18 ||    25
  Use: Scroll            |       |       |       |       |    12 ||    12
       Potion            |       |       |       |       |     1 ||     1
 Stab: Sleeping          |     1 |       |       |       |     3 ||     4
       Paralysed         |       |       |       |     4 |       ||     4
       Distracted        |       |       |       |       |     5 ||     5
       Invisible         |       |       |       |       |     1 ||     1
       Petrifying        |       |       |       |       |     1 ||     1
Armor: Robe              |     7 |     4 |    36 |   111 |   134 ||   292
Dodge: Dodged            |    26 |    10 |   102 |   277 |   252 ||   667

Table legend: (Time is in decaauts)
 A = Elapsed time spent in this place.
 B = Non-inter-level travel time spent in this place.
 C = Inter-level travel time spent in this place.
 D = Time resting spent in this place.
 E = Time spent auto-exploring this place.
 F = Levels seen in this place.
 G = Mean time per level.
                   A        B        C        D        E       F      G
               +--------+--------+--------+--------+--------+-----+--------+
         Total |  20711 |  19938 |    773 |    430 |  16419 |  18 | 1150.6 |
       Dungeon |  13482 |  12808 |    674 |     47 |  10914 |  12 | 1123.5 |
        Temple |      1 |      1 |      0 |      0 |      0 |   1 |    1.0 |
          Lair |   7227 |   7129 |     98 |    383 |   5505 |   5 | 1445.4 |
               +--------+--------+--------+--------+--------+-----+--------+

Top non-repeatable levels by time:
  Lair:3: 2341 daAuts
    D:11: 1729 daAuts
  Lair:1: 1681 daAuts
  Lair:2: 1548 daAuts
    D:12: 1366 daAuts
     D:9: 1290 daAuts
     D:6: 1259 daAuts
  Lair:4: 1239 daAuts
     D:1: 1075 daAuts
     D:4: 1059 daAuts
     D:3: 1050 daAuts
     D:8: 1041 daAuts
     D:7: 1037 daAuts
    D:10: 892 daAuts
     D:2: 844 daAuts
